TOP OF THE 1ST |
D.C. Divided batting - Pitching for Greenville 84s : RHP Jesús Silva
|
Pitching: RHP Jesús Silva
|
|
Batting: RHB Kimi Okubo
|
0-0: Called Strike 0-1: Ball 1-1: Ball 2-1: Swinging Strike 2-2: Ball 3-2: Strikes out swinging
|
Batting: LHB Stanley Zijm
|
0-0: Swinging Strike 0-1: Ball 1-1: Ball 2-1: Called Strike 2-2: Ball 3-2: Strikes out looking
|
Batting: RHB Martín Chávez
|
0-0: Fly out, F8 (Flyball, 8RD, EV 105.6 MPH)
|
Top of the 1st over - 0 runs, 0 hits, 0 errors, 0 left on base; D.C. 0 - Greenville 0 |
BOTTOM OF THE 1ST |
Greenville 84s batting - Pitching for D.C. Divided : RHP Kyuichi Hori
|
Pitching: RHP Kyuichi Hori
|
|
Batting: SHB Glyn Bolasky
|
0-0: Ball 1-0: Ball 2-0: Foul Ball, location: 2F 2-1: Ground out 6-3 (Groundball, 6, EV 83.1 MPH)
|
Batting: LHB Philip Visscher
|
0-0: Called Strike 0-1: Ball 1-1: Ball 2-1: Foul Ball, location: 2F 2-2: Foul Ball, location: 2F 2-2: Fly out, F7 (Flyball, 7, EV 92.5 MPH)
|
Batting: RHB Ángelo Delgado
|
0-0: Called Strike 0-1: Ground out 6-3 (Groundball, 6S, EV 61.2 MPH)
|
Bottom of the 1st over - 0 runs, 0 hits, 0 errors, 0 left on base; D.C. 0 - Greenville 0 |
TOP OF THE 2ND |
D.C. Divided batting - Pitching for Greenville 84s : RHP Jesús Silva
|
Batting: LHB Manuel Carmona
|
0-0: Ground out 4-3 (Groundball, 4M, EV 108.1 MPH)
|
Batting: SHB Billy Dotson
|
0-0: SINGLE (Flyball, 9LS, EV 90.0 MPH)
|
Batting: RHB Francisco Alhama
|
0-0: Grounds into double play, 4-6-3 (Groundball, 34, EV 85.0 MPH)
|
Top of the 2nd over - 0 runs, 1 hit, 0 errors, 0 left on base; D.C. 0 - Greenville 0 |
BOTTOM OF THE 2ND |
Greenville 84s batting - Pitching for D.C. Divided : RHP Kyuichi Hori
|
Batting: LHB Chris Payling
|
0-0: Called Strike 0-1: Ball 1-1: Ground out 6-3 (Groundball, 6, EV 90.6 MPH)
|
Batting: RHB Gil Andersen
|
0-0: Foul Ball, location: 2F 0-1: Ball 1-1: Foul Ball, location: 2F 1-2: Ground out U3 (Groundball, 3, EV 90.6 MPH)
|
Batting: LHB Roberts Hamhock
|
0-0: Foul Ball, location: 2F 0-1: Called Strike 0-2: Ball 1-2: Strikes out swinging
|
Bottom of the 2nd over - 0 runs, 0 hits, 0 errors, 0 left on base; D.C. 0 - Greenville 0 |
TOP OF THE 3RD |
D.C. Divided batting - Pitching for Greenville 84s : RHP Jesús Silva
|
Batting: LHB Craig Morgan
|
0-0: Ball 1-0: Reached on error, E6 (Groundball, 6, EV 100.6 MPH)
|
Batting: LHB Bill Butler
|
0-0: Ball 1-0: Fly out, F9 (Flyball, 9D, EV 106.9 MPH)
|
Batting: SHB Miguel Herrera
|
0-0: Ball 1-0: Ball 2-0: Called Strike 2-1: Fly out, F8 (Line Drive, 8LD, EV 91.2 MPH)
|
Batting: RHB Kimi Okubo
|
0-0: Ball 1-0: Ball 2-0: Fly out, F6 (Line Drive, 6, EV 69.4 MPH)
|
Top of the 3rd over - 0 runs, 0 hits, 1 error, 1 left on base; D.C. 0 - Greenville 0 |
BOTTOM OF THE 3RD |
Greenville 84s batting - Pitching for D.C. Divided : RHP Kyuichi Hori
|
Batting: RHB António Macías
|
0-0: Called Strike 0-1: Ball 1-1: Swinging Strike 1-2: Ball 2-2: Fly out, F4 (Line Drive, 4, EV 76.9 MPH)
|
Batting: LHB Lung Chaim
|
0-0: Ball 1-0: Ball 2-0: Foul Ball, location: 2F 2-1: Called Strike 2-2: Strikes out swinging
|
Batting: RHB Juan Jose Ayala
|
0-0: Ball 1-0: Fly out, F9 (Flyball, 9, EV 86.9 MPH)
|
Bottom of the 3rd over - 0 runs, 0 hits, 0 errors, 0 left on base; D.C. 0 - Greenville 0 |
TOP OF THE 4TH |
D.C. Divided batting - Pitching for Greenville 84s : RHP Jesús Silva
|
Batting: LHB Stanley Zijm
|
0-0: Foul Ball, location: 2F 0-1: Foul Ball, location: 2F 0-2: Ball 1-2: Ball 2-2: Ground out 5-3 (Groundball, 5, EV 88.1 MPH)
|
Batting: RHB Martín Chávez
|
0-0: SINGLE (Line Drive, 89M, EV 106.2 MPH)
|
Batting: LHB Manuel Carmona
|
0-0: Called Strike 0-1: Ball 1-1: Ball 2-1: Ball 3-1: SINGLE (Groundball, 34D, EV 101.9 MPH) Martín Chávez to second Runner from 2nd tries for 3rd, OUT! 9-5
|
Batting: SHB Billy Dotson
|
0-0: Called Strike 0-1: Foul Ball, location: 2F 0-2: Ball 1-2: 2-RUN HOME RUN (Flyball, 89XD, EV 94.4 MPH), Distance : 416 ft
|
Batting: RHB Francisco Alhama
|
0-0: Swinging Strike 0-1: Called Strike 0-2: Ball 1-2: Ball 2-2: Ground out 6-3 (Groundball, 56, EV 107.5 MPH)
|
Top of the 4th over - 2 runs, 3 hits, 0 errors, 0 left on base; D.C. 2 - Greenville 0 |
BOTTOM OF THE 4TH |
Greenville 84s batting - Pitching for D.C. Divided : RHP Kyuichi Hori
|
Batting: SHB Glyn Bolasky
|
0-0: Ball 1-0: Ball 2-0: Ball 3-0: Base on Balls
|
Batting: LHB Philip Visscher
|
0-0: Ball 1-0: Ball 2-0: Ball 3-0: Called Strike 3-1: Foul Ball, location: 2F 3-2: Base on Balls Glyn Bolasky to second
|
Batting: RHB Ángelo Delgado
|
0-0: Called Strike 0-1: Ball 1-1: Ball 2-1: Fly out, F8 (Flyball, 8LXD, EV 91.9 MPH) Runner from 2nd tags up, SAFE at 3rd, no throw by CF
|
Batting: LHB Chris Payling
|
0-0: Called Strike 0-1: Ball 1-1: SINGLE (Groundball, 34, EV 83.8 MPH) (infield hit) Glyn Bolasky scores Philip Visscher to second
|
Batting: RHB Gil Andersen
|
0-0: Ball 1-0: Foul Ball, location: 2F 1-1: Swinging Strike 1-2: Reached on error, E2 (Groundball, 15S, EV 65.6 MPH) Philip Visscher scores Chris Payling to third
|
Batting: LHB Roberts Hamhock
|
0-0: Ball 1-0: Foul Ball, location: 2F 1-1: Fly out, F9 (Flyball, 9S, EV 85.0 MPH)
|
Batting: RHB António Macías
|
0-0: Ball 1-0: 3-RUN HOME RUN (Flyball, 7D, EV 110.0 MPH), Distance : 385 ft
|
Batting: LHB Lung Chaim
|
0-0: Called Strike 0-1: Ball 1-1: Swinging Strike 1-2: Foul Ball, location: 2F 1-2: Strikes out swinging
|
Bottom of the 4th over - 5 runs, 2 hits, 1 error, 0 left on base; D.C. 2 - Greenville 5 |
TOP OF THE 5TH |
D.C. Divided batting - Pitching for Greenville 84s : RHP Jesús Silva
|
Batting: LHB Craig Morgan
|
0-0: Foul Ball, location: 2F 0-1: Ball 1-1: Foul Ball, location: 2F 1-2: Strikes out looking
|
Batting: LHB Bill Butler
|
0-0: Called Strike 0-1: SOLO HOME RUN (Flyball, 89XD, EV 101.9 MPH), Distance : 417 ft
|
Batting: SHB Miguel Herrera
|
0-0: Ball 1-0: Called Strike 1-1: Ball 2-1: SINGLE (Line Drive, 4MD, EV 104.4 MPH)
|
Batting: RHB Kimi Okubo
|
Pickoff Throw to First - Out! 1-3 0-0: Foul Ball, location: 2F 0-1: Ball 1-1: Foul Ball, location: 2F 1-2: Ball 2-2: Foul Ball, location: 2F 2-2: Ball 3-2: Ground out 6-3 (Groundball, 6, EV 86.2 MPH)
|
Top of the 5th over - 1 run, 2 hits, 0 errors, 0 left on base; D.C. 3 - Greenville 5 |
BOTTOM OF THE 5TH |
Greenville 84s batting - Pitching for D.C. Divided : RHP Kyuichi Hori
|
Batting: RHB Juan Jose Ayala
|
0-0: Called Strike 0-1: Called Strike 0-2: DOUBLE (Line Drive, 9LM, EV 99.4 MPH)
|
Pitching: RHP John McNeill
|
|
Batting: SHB Glyn Bolasky
|
0-0: Bunted foul 0-1: Sac Bunt to 23 - play at first, batter OUT! 3-4 Juan Jose Ayala to third
|
Batting: LHB Philip Visscher
|
0-0: Fly out, F3 (Popup, 3F, EV 75.6 MPH)
|
Batting: RHB Ángelo Delgado
|
0-0: Called Strike 0-1: Ground out U3 (Groundball, 34S, EV 75.6 MPH)
|
Bottom of the 5th over - 0 runs, 1 hit, 0 errors, 1 left on base; D.C. 3 - Greenville 5 |
TOP OF THE 6TH |
D.C. Divided batting - Pitching for Greenville 84s : RHP Jesús Silva
|
Batting: LHB Stanley Zijm
|
0-0: DOUBLE (Groundball, 5L, EV 95.6 MPH)
|
Batting: RHB Martín Chávez
|
0-0: Ball 1-0: Called Strike 1-1: Swinging Strike 1-2: Ball 2-2: Foul Ball, location: 2F 2-2: Strikes out looking
|
Batting: LHB Manuel Carmona
|
0-0: Ground out 1-3 (Groundball, 34S, EV 86.9 MPH) Stanley Zijm to third
|
Batting: SHB Billy Dotson
|
0-0: Ball 1-0: Called Strike 1-1: Ball 2-1: Foul Ball, location: 2F 2-2: Strikes out looking
|
Top of the 6th over - 0 runs, 1 hit, 0 errors, 1 left on base; D.C. 3 - Greenville 5 |
BOTTOM OF THE 6TH |
Greenville 84s batting - Pitching for D.C. Divided : RHP John McNeill
|
Batting: LHB Chris Payling
|
0-0: Called Strike 0-1: Ball 1-1: Ground out 4-3 (Groundball, 4, EV 76.2 MPH)
|
Batting: RHB Gil Andersen
|
0-0: Ground out 1-3 (Groundball, 23, EV 68.1 MPH)
|
Batting: LHB Roberts Hamhock
|
0-0: Ball 1-0: Ball 2-0: Called Strike 2-1: Foul Ball, location: 2F 2-2: Foul Ball, location: 2F 2-2: Fly out, F8 (Flyball, 8LD, EV 94.4 MPH)
|
Bottom of the 6th over - 0 runs, 0 hits, 0 errors, 0 left on base; D.C. 3 - Greenville 5 |
TOP OF THE 7TH |
D.C. Divided batting - Pitching for Greenville 84s : RHP Jesús Silva
|
Batting: RHB Francisco Alhama
|
0-0: Foul Ball, location: 2F 0-1: Ball 1-1: Foul Ball, location: 2F 1-2: Strikes out swinging
|
Batting: LHB Craig Morgan
|
0-0: Called Strike 0-1: Foul Ball, location: 2F 0-2: Ball 1-2: Strikes out swinging
|
Batting: LHB Bill Butler
|
0-0: Ball 1-0: Foul Ball, location: 2F 1-1: Ball 2-1: Swinging Strike 2-2: Ball 3-2: Base on Balls
|
Pitching: RHP Dave Lawson
|
|
Batting: SHB Miguel Herrera
|
0-0: Ball 1-0: Called Strike 1-1: Ball 2-1: Reached on error, E2 (Groundball, 13S, EV 68.8 MPH) Bill Butler to third
|
Batting: RHB Kimi Okubo
|
0-0: Swinging Strike 0-1: Ground out 5-3 (Groundball, 56S, EV 72.5 MPH)
|
Top of the 7th over - 0 runs, 0 hits, 1 error, 2 left on base; D.C. 3 - Greenville 5 |
BOTTOM OF THE 7TH |
Greenville 84s batting - Pitching for D.C. Divided : RHP John McNeill
|
Batting: RHB António Macías
|
0-0: Reached on error, E6 (Groundball, 6S, EV 87.5 MPH)
|
Batting: LHB Lung Chaim
|
0-0: Ball 1-0: DOUBLE (Line Drive, 78M, EV 93.1 MPH) António Macías scores
|
Batting: RHB Juan Jose Ayala
|
0-0: Foul Ball, location: 2F 0-1: Ground out 3-1 (Groundball, 34, EV 80.0 MPH) Lung Chaim to third
|
Batting: SHB Glyn Bolasky
|
0-0: Ball 1-0: Ball 2-0: Ground out U3 (Groundball, 34, EV 99.4 MPH) Lung Chaim scores
|
Batting: LHB Philip Visscher
|
0-0: DOUBLE (Line Drive, 8LXD, EV 102.5 MPH)
|
Batting: RHB Ángelo Delgado
|
0-0: Ground out 1-3 (Groundball, 34S, EV 71.9 MPH)
|
Bottom of the 7th over - 2 runs, 2 hits, 1 error, 1 left on base; D.C. 3 - Greenville 7 |
TOP OF THE 8TH |
D.C. Divided batting - Pitching for Greenville 84s : RHP Dave Lawson
|
Batting: LHB Stanley Zijm
|
0-0: Called Strike 0-1: Ball 1-1: Swinging Strike 1-2: Strikes out swinging
|
Batting: RHB Martín Chávez
|
0-0: Called Strike 0-1: Ball 1-1: Called Strike 1-2: Fly out, F8 (Line Drive, 8LD, EV 88.8 MPH)
|
Batting: LHB Manuel Carmona
|
0-0: Ground out 6-3 (Groundball, 4MS, EV 90.0 MPH)
|
Top of the 8th over - 0 runs, 0 hits, 0 errors, 0 left on base; D.C. 3 - Greenville 7 |
BOTTOM OF THE 8TH |
Greenville 84s batting - Pitching for D.C. Divided : RHP John McNeill
|
Batting: LHB Chris Payling
|
0-0: Fly out, F7 (Flyball, 7LS, EV 92.5 MPH)
|
Batting: RHB Gil Andersen
|
0-0: Ball 1-0: Ball 2-0: Foul Ball, location: 2F 2-1: Swinging Strike 2-2: Foul Ball, location: 2F 2-2: Strikes out swinging
|
Batting: LHB Roberts Hamhock
|
0-0: Fly out, F9 (Flyball, 9S, EV 76.2 MPH)
|
Bottom of the 8th over - 0 runs, 0 hits, 0 errors, 0 left on base; D.C. 3 - Greenville 7 |
TOP OF THE 9TH |
D.C. Divided batting - Pitching for Greenville 84s : RHP Dave Lawson
|
Batting: SHB Billy Dotson
|
0-0: Called Strike 0-1: Ball 1-1: Ball 2-1: Foul Ball, location: 2F 2-2: Strikes out swinging
|
Batting: RHB Francisco Alhama
|
0-0: Called Strike 0-1: Ball 1-1: DOUBLE (Line Drive, 78M, EV 108.8 MPH)
|
Batting: LHB Craig Morgan
|
0-0: Ball 1-0: Called Strike 1-1: Foul Ball, location: 2F 1-2: Fly out, F8 (Flyball, 8LXD, EV 89.4 MPH) Runner from 2nd tags up, SAFE at 3rd, no throw by CF
|
Batting: LHB Bill Butler
|
0-0: Ball 1-0: DOUBLE (Line Drive, 7LM, EV 91.2 MPH) Francisco Alhama scores
|
Batting: SHB Miguel Herrera
|
0-0: Called Strike 0-1: Ball 1-1: Reached on error, E7 (Flyball, 7, EV 79.4 MPH) Bill Butler scores
|
Batting: RHB Kimi Okubo
|
0-0: Ball 1-0: Foul Ball, location: 2F 1-1: Swinging Strike 1-2: Strikes out looking
|
Top of the 9th over - 2 runs, 2 hits, 1 error, 1 left on base; D.C. 5 - Greenville 7 |
|